 Dungeon Crawl Stone Soup version 0.25-a0-942-g87a53962fc (webtiles) character file.

Game seed: 2953194177219103452, levelgen mode: classic

2408 Amnesiac the Destroyer (level 9, 0/45 HPs)
             Began as a Deep Elf Wizard on May 7, 2020.
             Was a Priest of Dithmenos.
             Slain by a wight
             ... wielding a cursed +4 falchion of freezing
              (1 damage)
             ... on level 7 of the Dungeon.
             The game lasted 00:16:37 (8855 turns).

Amnesiac the Destroyer (Deep Elf Wizard)            Turns: 8855, Time: 00:16:38

Health: 0/45       AC:  6    Str:  3 (5)  XL:     9   Next: 23%
Magic:  9/24       EV: 12    Int: 27 (28) God:    Dithmenos [***...]
Gold:   262        SH:  0    Dex: 11 (13) Spells: 16/27 levels left

rFire    . . .     SeeInvis .   a - +0 dagger (venom)
rCold    . . .     Gourm    .   (no shield)
rNeg     . . .     Faith    .   j - +0 robe
rPois    .         Spirit   .   t - +0 helmet (curse)
rElec    .         Reflect  .   (no cloak)
rCorr    .         Harm     .   (no gloves)
MR       .....                  v - +0 pair of boots {Fly}
Stlth    ++........             (no amulet)
HPRegen  0.15/turn              (no ring)
MPRegen  0.19/turn              (no ring)

@: flying, wreathed by umbra, drained
A: iridescent scales 1, clever 1, subdued magic 1
a: Shadow Step, Renounce Religion


You were on level 7 of the Dungeon.
You worshipped Dithmenos.
Dithmenos was most pleased with you.
You were not hungry.

You visited 1 branch of the dungeon, and saw 7 of its levels.
You also visited: Sewer.

You collected 423 gold pieces.
You spent 161 gold pieces at shops.

Inventory:

Hand Weapons
 a - a +0 dagger of venom (weapon)
Missiles
 s - 46 poisoned darts (quivered)
Armour
 b - a +0 hat
 j - a +0 robe (worn)
 t - a cursed +0 helmet (worn)
 v - a +0 pair of boots of flying (worn)
Wands
 g - a wand of paralysis (7)
 x - a wand of random effects (22)
 B - a wand of acid (10)
Scrolls
 e - 2 scrolls of teleportation {!r}
 f - a scroll of identify {!r}
 h - 3 scrolls of fog {!r}
 i - 3 scrolls of fear {!r}
 o - a scroll of enchant armour {!r}
 p - a scroll of remove curse {!r}
 w - 2 scrolls of magic mapping {!r}
 y - a scroll of amnesia {!r}
Potions
 c - a potion of haste {!q}
 n - a potion of mutation {!q}
 A - a potion of flight {!q}
Comestibles
 d - 9 rations


   Skills:
 - Level 3.0(2.0) Dodging
 - Level 3.0(2.0) Stealth
 + Level 9.6(8.5) Spellcasting
 * Level 11.2(10.0) Conjurations
 - Level 1.1(0.2) Summonings
 - Level 1.1(0.2) Translocations
 + Level 0.6(0.0) Evocations


You had 16 spell levels left.
You knew the following spells:

 Your Spells              Type           Power        Failure   Level  Hunger
a - Magic Dart            Conj           ####         1%          1    None
b - Call Imp              Summ           #.......     5%          2    None
e - Mephitic Cloud        Conj/Pois/Air  ###.....     2%          3    None
s - Conjure Flame         Conj/Fire      ####....     1%          3    None
v - Blink                 Tloc           N/A          5%          2    None

Your spell library contained the following spells:

 Spells                   Type           Power        Failure   Level  Hunger
 Corona                   Hex            #......      3%          1    None
 Slow                     Hex            #.......     6%          2    None
 Gell's Gravitas          Tloc           #.........   12%         3    None
 Portal Projectile        Hex/Tloc       #.....       12%         3    None
 Confusing Touch          Hex            #.......     13%         3    None
 Inner Flame              Hex/Fire       #.......     13%         3    None
 Cause Fear               Hex            #.........   41%         4    #......
 Leda's Liquefaction      Hex/Erth       #.........   41%         4    #......
 Petrify                  Tmut/Erth      #.......     41%         4    #......
 Metabolic Englaciation   Hex/Ice        #.........   77%         5    ####...
 Yara's Violent Unravell  Hex/Tmut       #.........   77%         5    ####...


Dungeon Overview and Level Annotations

Branches:
Dungeon (7/15)              Sewer (visited)
 Temple: D:4-7

Altars:
Ashenzari
Dithmenos
Elyvilon
Makhleb
Nemelex Xobeh
Okawaru
Ru

Shops:
D:4 [


Innate Abilities, Weirdness & Mutations

You are partially covered in iridescent scales. (AC +2)
Your mind is acute. (Int +2)
Your spells are a little easier to cast, but a little less powerful.


Message History

You hit the orc wizard but do no damage.
The orc wizard looks as sick as possible!
The orc wizard is almost dead.
You kill the orc wizard!
Dithmenos accepts your kill.
Casting: Magic Dart (safe; 1% risk of failure)
Confirm with . or Enter, or press ? or * to list all spells.
You don't have enough magic to cast that spell.
No target in view!
Casting: Magic Dart (safe; 1% risk of failure)
Confirm with . or Enter, or press ? or * to list all spells.
You don't have enough magic to cast that spell.
No target in view!
A wight comes into view.
It is wielding a +4 falchion of freezing.
A wight is nearby!
A wight is nearby!
A wight is nearby!
Casting: Magic Dart (safe; 1% risk of failure)
Confirm with . or Enter, or press ? or * to list all spells.
Aiming: Magic Dart (safe; 1% risk of failure)
Press: ? - help, Shift-Dir - straight line, f - wight
Aim: a wight, wielding a +4 falchion of freezing and wearing a +0 robe (hasn't noticed you)
The magic dart hits the wight.
The wight is moderately damaged.
Casting: Magic Dart (safe; 1% risk of failure)
Confirm with . or Enter, or press ? or * to list all spells.
Aiming: Magic Dart (safe; 1% risk of failure)
Press: ? - help, Shift-Dir - straight line, f/p - wight
Aim: a wight, wielding a +4 falchion of freezing and wearing a +0 robe (moderately damaged, umbra)
The magic dart hits the wight.
The wight is heavily damaged.
The wight closely misses you.
There is an open door here.
Casting: Magic Dart (safe; 1% risk of failure)
Confirm with . or Enter, or press ? or * to list all spells.
Aiming: Magic Dart (safe; 1% risk of failure)
Press: ? - help, Shift-Dir - straight line, f/p - wight
Aim: a wight, wielding a +4 falchion of freezing and wearing a +0 robe (heavily damaged, umbra)
The magic dart hits the wight.
The wight is severely damaged.
The wight hits you with a cursed +4 falchion of freezing!
You feel drained.
* * * LOW HITPOINT WARNING * * *
The wight freezes you.
* * * LOW HITPOINT WARNING * * *
You hit the wight.
The wight is almost destroyed.
The wight hits you with a cursed +4 falchion of freezing!
* * * LOW HITPOINT WARNING * * *
You feel drained.
* * * LOW HITPOINT WARNING * * *
The wight freezes you.
* * * LOW HITPOINT WARNING * * *
Casting: Magic Dart (safe; 1% risk of failure)
Confirm with . or Enter, or press ? or * to list all spells.
Aiming: Magic Dart (safe; 1% risk of failure)
Press: ? - help, Shift-Dir - straight line, f/p - wight
Aim: a wight, wielding a +4 falchion of freezing and wearing a +0 robe (almost destroyed, umbra)
The magic dart hits the wight but does no damage.
The wight is almost destroyed.
The wight hits you with a cursed +4 falchion of freezing.
* * * LOW HITPOINT WARNING * * *
You feel drained. The wight freezes you.
You die...

.) #. .. #) #.#
##.###
###.###..#.##
...##.)#.⌠.
##.##†..#
#####...†)#.##
...........@.#
####...####z.#
####.## #...#
#....# #.....
#.#### #...#
#.######## #'##
#........# #.#
#..#####.# #.#
######..#####)#
##.##


You could see a wight.

Vanquished Creatures
  Pikel (D:6)
  3 orc warriors
  Purgy (Sewer)
  3 slaves (D:6)
  2 phantoms
  3 ogres
  2 bullfrogs
  A scorpion (D:5)
  2 howler monkeys
  3 crimson imps
  A bullfrog skeleton (D:5)
  4 hounds
  5 orc priests
  3 iguanas
  Natasha (thrice) (D:3)
  2 worker ants
  6 orc wizards
  4 gnolls (D:7)
  A howler monkey skeleton (D:7)
  8 adders
  An ooze (D:3)
  4 worms
  3 dart slugs
  5 leopard geckos
  24 orcs
  6 bats
  2 giant cockroaches
  6 goblins
  4 hobgoblins
  4 jackals (D:6)
  11 kobolds
  4 quokkas
  5 frilled lizards
  A quokka skeleton (D:3)
  8 rats
146 creatures vanquished.

Vanquished Creatures (others)
  2 orc wizards
2 creatures vanquished.

Grand Total: 148 creatures vanquished

Notes
Turn   | Place    | Note
-------+----------+-------------------------------------------
     0 | D:1      | Amnesiac the Deep Elf Wizard began the quest for the Orb.
     0 | D:1      | Reached XP level 1. HP: 10/10 MP: 7/7
    27 | D:2      | Reached skill level 2 in Conjurations
    27 | D:2      | Reached XP level 2. HP: 15/15 MP: 1/9
    31 | D:2      | Learned a level 2 spell: Blink
    34 | D:2      | Learned a level 2 spell: Call Imp
    40 | D:2      | Found a shadowy altar of Dithmenos.
    44 | D:2      | Became a worshipper of Dithmenos the Shadowed
   350 | D:1      | Reached skill level 3 in Conjurations
   549 | D:1      | Reached XP level 3. HP: 19/19 MP: 7/11
   554 | D:1      | Learned a level 3 spell: Conjure Flame
   558 | D:1      | Learned a level 3 spell: Mephitic Cloud
   582 | D:1      | You fall into a shaft and drop 1 floor!
  1199 | D:2      | Reached skill level 4 in Conjurations
  1564 | D:2      | Reached * piety under Dithmenos
  1779 | D:3      | Reached XP level 4. HP: 24/24 MP: 7/12
  1944 | D:3      | Found a glowing drain.
  1955 | Sewer    | Entered a sewer
  2236 | Sewer    | Noticed Purgy
  2249 | Sewer    | Killed Purgy
  2249 | Sewer    | Reached skill level 5 in Conjurations
  2249 | Sewer    | Reached XP level 5. HP: 28/28 MP: 5/14
  2430 | D:4      | Noticed a phantom
  2431 | D:4      | Reached skill level 5 in Spellcasting
  2443 | D:4      | Reached skill level 6 in Conjurations
  2659 | D:3      | Killed a phantom
  2659 | D:3      | Reached XP level 6. HP: 14/32 MP: 0/16
  2910 | D:4      | Found a sparkling altar of Nemelex Xobeh.
  3103 | D:4      | Found Cuyry's Armour Shop.
  3317 | D:3      | Reached ** piety under Dithmenos
  3324 | D:3      | Reached skill level 7 in Conjurations
  3434 | D:3      | Found a white marble altar of Elyvilon.
  3443 | D:3      | Reached XP level 7. HP: 24/36 MP: 13/18
  3965 | D:3      | Noticed Natasha
  3969 | D:3      | Killed Natasha
  4155 | D:3      | Noticed Natasha
  4160 | D:3      | Killed Natasha
  4209 | D:3      | Noticed Natasha
  4216 | D:3      | Killed Natasha
  4262 | D:4      | Bought a +0 pair of boots of flying for 161 gold pieces
  4431 | D:4      | Found a sacrificial altar of Ru.
  4807 | D:4      | Found a shattered altar of Ashenzari.
  4870 | D:5      | Entered Level 5 of the Dungeon
  4887 | D:5      | Reached skill level 8 in Conjurations
  5323 | D:5      | Found an iron altar of Okawaru.
  6346 | D:6      | Noticed Pikel
  6359 | D:6      | Reached XP level 8. HP: 6/41 MP: 13/21
  6375 | D:6      | Killed Pikel
  6375 | D:6      | Reached skill level 9 in Conjurations
  6740 | D:6      | Found a burning altar of Makhleb.
  7111 | D:6      | Reached *** piety under Dithmenos
  7117 | D:6      | Reached skill level 10 in Conjurations
  7932 | D:7      | Gained mutation: Your spells are a little easier to cast,
                  | but a little less powerful. [potion of mutation]
  7932 | D:7      | Gained mutation: Your mind is acute. (Int +2) [potion of
                  | mutation]
  7932 | D:7      | Gained mutation: You are partially covered in iridescent
                  | scales. (AC +2) [potion of mutation]
  8162 | D:7      | Reached XP level 9. HP: 32/45 MP: 19/24
  8322 | D:7      | Reached skill level 11 in Conjurations
  8558 | D:7      | Paralysed by a gnoll for 5 turns
  8854 | D:7      | HP: 2/45 [wight/cursed +4 falchion of freezing (4)]
  8855 | D:7      | Slain by a wight

Levels and vault maps discovered:
D:1:      dpeg_arrival_long_road, layout_basic, serial_forest,
          infiniplex_forest_clump_small, infiniplex_forest_clump_small,
          infiniplex_forest_clump_long, infiniplex_forest_side_room,
          infiniplex_forest_clump_cross, minmay_octomino_j4
D:2:      layout_loops_ring, grunt_dithmenos_smoke_and_mirrors
D:3:      layout_rooms, elyvilon_altar_4, first_ration, portal_sewer_entry_d,
          uniq_natasha
D:4:      layout_loops_ring, nicolae_ru_the_path_less_chosen,
          lemuel_coloured_pillars_altar, nemelex_xobeh_ov_fountains_minmay,
          serial_shops, shop, minmay_fractal_squares_diagonal_5
D:5:      layout_loops_ring, overflow_temple_1_default
D:6:      layout_basic, lemuel_round_altar, uniq_pikel
D:7:      layout_loops_corners, minmay_temple_entry_trees,
          grunt_decor_mini_mirrors, grunt_livestock,
          wad_floor_pattern_untrapped, chequers_serial_rivers_marsh,
          makhleb_blood_cavern_becter

Skill      XL: |  1  2  3  4  5  6  7  8  9 |
---------------+----------------------------+-----
Conjurations   | 2 3 4 5 6 7 8 10 11 | 11.2
Stealth        | 3 |  3.0
Spellcasting   | 5 6 7 9 |  9.6
Dodging        | 3 |  3.0
Summonings     | |  1.1
Translocations | |  1.1
Evocations     | |  0.6

Action                   |  1- 3 |  4- 6 |  7- 9 || total
-------------------------+-------+-------+-------++-------
Melee: Dagger            |       |     4 |    90 ||    94
 Cast: Magic Dart        |    80 |   101 |   288 ||   469
       Mephitic Cloud    |       |     1 |    15 ||    16
       Call Imp          |       |     4 |       ||     4
       Blink             |       |       |     1 ||     1
  Use: Scroll            |       |     1 |     7 ||     8
       Potion            |       |       |    11 ||    11
 Stab: Confused          |       |       |     2 ||     2
  Eat: Chunk             |     2 |     6 |     9 ||    17
       Ration            |       |       |     2 ||     2
Armor: Robe              |       |     4 |    23 ||    27
Dodge: Dodged            |     9 |    47 |   111 ||   167

Table legend:
 A = Non-vault XP
 B = Vault XP
 C = Vault XP percentage of total XP
 D = Non-vault monster count
 E = Vault monster count
 F = Vault count percentage of total count
                 A         B        C        D         E       F
            +---------+---------+-------+---------+---------+-------
      Total |    2494 |     946 |  27.5 |     127 |      17 |  11.8
            +---------+---------+-------+---------+---------+-------
        D:1 |      22 |       7 |  24.1 |      12 |       3 |  20.0
        D:2 |      62 |       0 |   0.0 |      21 |       0 |   0.0
        D:3 |     314 |     173 |  35.5 |      32 |       4 |  11.1
        D:4 |     298 |      51 |  14.6 |       6 |       3 |  33.3
        D:5 |     321 |       0 |   0.0 |      10 |       0 |   0.0
        D:6 |     662 |     564 |  46.0 |      23 |       1 |   4.2
        D:7 |     815 |       0 |   0.0 |      23 |       0 |   0.0
      Sewer |       0 |     151 | 100.0 |       0 |       6 | 100.0
            +---------+---------+-------+---------+---------+-------
